 Dungeon Crawl Stone Soup version 0.22.0-49-gab54619674 (webtiles) character file.

100 JedernureinKreuz the Conjurer (level 4, -1/32 HPs)
             Began as a Gnoll Conjurer on Sept 7, 2018.
             Killed from afar by an orc wizard (8 damage)
             ... with a magic dart
             ... on level 2 of the Dungeon.
             The game lasted 00:18:44 (1561 turns).

JedernureinKreuz the Conjurer (Gnoll Conjurer)      Turns: 1561, Time: 00:18:44

Health: -1/32      AC:  4    Str: 10    XL:     4   Next: 73%
Magic:  6/11       EV: 15    Int: 18    God:
Gold:   147        SH:  0    Dex: 16    Spells: 7/13 levels left

rFire    . . .     SeeInvis .   f - +0 dagger
rCold    . . .     Gourm    .   (no shield)
rNeg     . . .     Faith    .   a - +0 robe
rPois    .         Spirit   .   l - +1 hat
rElec    .         Reflect  .   (no cloak)
rCorr    +         Harm     .   b - +0 pair of gloves
MR       .....                  (no boots)
Stlth    +++.......             (no amulet)
HPRegen  0.10/turn              h - ring of resist corrosion
MPRegen  0.12/turn              (no ring)

@: no status effects
A: distributed training, fangs 1, strong nose
a: no special abilities


You were on level 2 of the Dungeon.
You were not hungry.

You visited 1 branch of the dungeon, and saw 3 of its levels.

You collected 147 gold pieces.

Inventory:

Hand Weapons
 f - a +0 dagger (weapon)
 i - a cursed +0 spear
Armour
 a - a +0 robe (worn)
 b - a +0 pair of gloves (worn)
 g - a +0 helmet
 l - a +1 hat (worn)
Jewellery
 h - a ring of resist corrosion (left hand)
Wands
 t - a wand of disintegration (8)
Scrolls
 d - a scroll of identify {unknown}
 j - a scroll of remove curse {unknown}
 k - 2 scrolls of blinking {unknown}
 m - a scroll of teleportation {unknown}
 n - 2 scrolls of noise {unknown}
 o - a scroll of fear {unknown}
 q - a scroll of amnesia {unknown}
 r - a scroll of magic mapping {unknown}
Potions
 e - 2 potions of heal wounds {unknown}
 p - a potion of invisibility {unknown}
Comestibles
 c - 3 rations
 s - 4 chunks of flesh


   Skills:
 + Level 1.2 Fighting
 + Level 1.2 Short Blades
 + Level 1.2 Long Blades
 + Level 1.2 Axes
 + Level 1.2 Maces & Flails
 + Level 1.2 Polearms
 + Level 1.2 Staves
 + Level 1.2 Slings
 + Level 1.2 Bows
 + Level 1.2 Crossbows
 + Level 1.2 Throwing
 + Level 1.2 Armour
 + Level 4.6 Dodging
 + Level 4.3 Stealth
 + Level 1.2 Shields
 + Level 1.2 Unarmed Combat
 + Level 5.1 Spellcasting
 + Level 7.1 Conjurations
 + Level 1.0 Hexes
 + Level 1.0 Charms
 + Level 1.0 Summonings
 + Level 1.0 Necromancy
 + Level 1.0 Translocations
 + Level 1.0 Transmutations
 + Level 1.0 Fire Magic
 + Level 1.0 Ice Magic
 + Level 1.0 Air Magic
 + Level 1.0 Earth Magic
 + Level 1.0 Poison Magic
 + Level 1.3 Invocations
 + Level 1.2 Evocations


You had 7 spell levels left.
You knew the following spells:

 Your Spells              Type           Power        Failure   Level  Hunger
a - Magic Dart            Conj           ####         1%          1    None
b - Confuse               Hex            #.......     26%         3    ##.....
c - Searing Ray           Conj           ####..       1%          2    #......

Your spell library contained the following spells:

 Spells                   Type           Power        Failure   Level  Hunger
 Iskenderun's Mystic Bla  Conj           ####....     7%          4    ####...
 Dazzling Spray           Conj/Hex       ###...       8%          3    ##.....
 Corona                   Hex            #......      9%          1    None
 Ensorcelled Hibernation  Hex/Ice        #.....       13%         2    #......
 Force Lance              Conj/Tloc      ###.....     24%         4    ####...
 Fulminant Prism          Conj/Hex       ###.......   24%         4    ####...
 Tukima's Dance           Hex            #.......     26%         3    ##.....


Dungeon Overview and Level Annotations

Branches:
Dungeon (3/15)

Altars:
Hepliaklqana
Nemelex Xobeh
Okawaru
Xom


Innate Abilities, Weirdness & Mutations

Your experience applies equally to all skills.
You have very sharp teeth.
Your uncanny sense of smell can sniff out nearby items.


Message History

Something hits you but does no damage.
You climb upwards.
There is a stone staircase leading down here.
Casting: Magic Dart (safe; 1% risk of failure)
Confirm with . or Enter, or press ? or * to list all spells.
You can't see any susceptible monsters within range! (Use Z to cast anyway.)
You hit something.
You hear some strange, mumbled words.
A puff of frost appears from out of thin air!
The puff of frost hits you! Something hits you but does no damage.
You hit something but do no damage. You bite something.
Something hits you but does no damage. Something completely misses you.
You hear some strange, mumbled words.
A puff of flame appears from out of thin air!
The puff of flame hits you!
* * * LOW HITPOINT WARNING * * *
A magic dart appears from out of thin air!
The magic dart hits you!
You die...

#.(.....# ######.......#
######.## #............# ###
##.### #.......>....# ..##
#....# #............#
#..###....########.........#
##..##....##...............#
##.##....#..####....#.....#
#........#.####..#........#
##.....##...##..@#..#......#
...###.........##..###..####
....##.........##.## #..#
.##(...##...##.##.# ##.#
.##....#.....#..#.# #.####
.........._.......# #....##
.####..#.....#....# #.##..#
## ##.##...##....# #.###.#
#............# #.###.#####


There were no monsters in sight!

Vanquished Creatures
  An orc priest (D:3)
  An adder (D:2)
  2 worms (D:2)
  2 dart slugs (D:1)
  A leopard gecko (D:2)
  6 orcs
  2 giant cockroaches
  A goblin (D:1)
  5 hobgoblins
  5 jackals (D:2)
  A quokka (D:3)
  4 bats
  5 frilled lizards
  3 kobolds
  7 rats
46 creatures vanquished.

Notes
Turn   | Place    | Note
-------+----------+-------------------------------------------
     0 | D:1      | JedernureinKreuz the Gnoll Conjurer began the quest for the
                  | Orb.
     0 | D:1      | Reached XP level 1. HP: 13/13 MP: 6/6
   105 | D:1      | Reached XP level 2. HP: 17/19 MP: 1/7
   421 | D:2      | Reached XP level 3. HP: 25/25 MP: 1/9
   439 | D:2      | Reached skill level 5 in Spellcasting
   490 | D:2      | Learned a level 3 spell: Confuse
   493 | D:2      | Learned a level 2 spell: Searing Ray
   577 | D:2      | Found an iron altar of Okawaru.
   604 | D:2      | Found a hazy altar of Hepliaklqana.
   604 | D:2      | Found a shimmering altar of Xom.
   605 | D:2      | Found a sparkling altar of Nemelex Xobeh.
   734 | D:2      | Reached skill level 1 in Invocations
   878 | D:3      | Reached skill level 1 in Fighting
   878 | D:3      | Reached skill level 1 in Short Blades
   878 | D:3      | Reached skill level 1 in Long Blades
   878 | D:3      | Reached skill level 1 in Axes
   878 | D:3      | Reached skill level 1 in Maces & Flails
   878 | D:3      | Reached skill level 1 in Polearms
   878 | D:3      | Reached skill level 1 in Staves
   878 | D:3      | Reached skill level 1 in Slings
   878 | D:3      | Reached skill level 1 in Bows
   878 | D:3      | Reached skill level 1 in Crossbows
   878 | D:3      | Reached skill level 1 in Throwing
   878 | D:3      | Reached skill level 1 in Armour
   878 | D:3      | Reached skill level 1 in Shields
   878 | D:3      | Reached skill level 1 in Unarmed Combat
   878 | D:3      | Reached skill level 1 in Evocations
   944 | D:3      | Reached XP level 4. HP: 32/32 MP: 6/11
  1455 | D:3      | Reached skill level 1 in Hexes
  1455 | D:3      | Reached skill level 1 in Charms
  1455 | D:3      | Reached skill level 1 in Summonings
  1455 | D:3      | Reached skill level 1 in Necromancy
  1455 | D:3      | Reached skill level 1 in Translocations
  1455 | D:3      | Reached skill level 1 in Transmutations
  1455 | D:3      | Reached skill level 1 in Fire Magic
  1455 | D:3      | Reached skill level 1 in Ice Magic
  1455 | D:3      | Reached skill level 1 in Air Magic
  1455 | D:3      | Reached skill level 1 in Earth Magic
  1455 | D:3      | Reached skill level 1 in Poison Magic
  1561 | D:2      | Killed from afar by an orc wizard

Skill      XL: |  1  2  3  4 |
---------------+-------------+-----
Spellcasting   | 5 |  5.1
Invocations    | 1 |  1.3
Fighting       | 1 |  1.2
Short Blades   | 1 |  1.2
Long Blades    | 1 |  1.2
Axes           | 1 |  1.2
Maces & Flails | 1 |  1.2
Polearms       | 1 |  1.2
Staves         | 1 |  1.2
Slings         | 1 |  1.2
Bows           | 1 |  1.2
Crossbows      | 1 |  1.2
Throwing       | 1 |  1.2
Armour         | 1 |  1.2
Shields        | 1 |  1.2
Unarmed Combat | 1 |  1.2
Evocations     | 1 |  1.2
Hexes          | 1 |  1.0
Charms         | 1 |  1.0
Summonings     | 1 |  1.0
Necromancy     | 1 |  1.0
Translocations | 1 |  1.0
Transmutations | 1 |  1.0
Fire Magic     | 1 |  1.0
Ice Magic      | 1 |  1.0
Air Magic      | 1 |  1.0
Earth Magic    | 1 |  1.0
Poison Magic   | 1 |  1.0
Dodging        | |  4.6
Stealth        | |  4.3
Conjurations   | |  7.1

Action                   |  1- 3 |  4- 6 || total
-------------------------+-------+-------++-------
Melee: Dagger            |    13 |     8 ||    21
       Bite              |     3 |     1 ||     4
 Cast: Magic Dart        |    65 |    40 ||   105
  Eat: Ration            |       |     1 ||     1
Armor: Robe              |     2 |    11 ||    13
Dodge: Dodged            |    14 |    14 ||    28
